 Dungeon Crawl Stone Soup version 0.23-a0-703-gdf2d5e0 (webtiles) character file.

6090 zishaf the Pandemonic (level 10, -18/96 HPs)
             Began as a Deep Dwarf Earth Elementalist on Jan 14, 2019.
             Was a High Priest of Makhleb.
             Demolished by an orc warrior
             ... wielding a +0 trident
              (30 damage)
             ... in a bailey.
             The game lasted 00:28:46 (9558 turns).

zishaf the Pandemonic (DDEE)                        Turns: 9558, Time: 00:28:47

Health: -18/96     AC: 13    Str: 15    XL:     10   Next: 58%
Magic:  13/13      EV: 14    Int: 16    God:    Makhleb [*****.]
Gold:   544        SH:  0    Dex: 16    Spells: 7/13 levels left

rFire    + . .     SeeInvis .   M - +0 battleaxe
rCold    . . .     Gourm    .   (shield currently unavailable)
rNeg     . . .     Faith    .   y - +2 leather armour {rF+}
rPois    .         Spirit   .   R - +0 helmet
rElec    .         Reflect  .   l - +1 cloak
rCorr    .         Harm     .   v - +0 pair of gloves
MR       +....                  V - +0 pair of boots
Stlth    +++.......             (no amulet)
HPRegen  0.00/turn              m - +3 ring of dexterity
MPRegen  0.13/turn              r - ring of stealth

@: non-regenerating, drained
A: damage resistance, heal wounds, sense surroundings 2, no regeneration
a: Heal Wounds, Minor Destruction, Lesser Servant of Makhleb, Major Destruction,
Greater Servant of Makhleb, Renounce Religion


You were in a bailey.
You worshipped Makhleb.
Makhleb was extremely pleased with you.
You were hungry.

You visited 1 branch of the dungeon, and saw 9 of its levels.
You also visited: Sewer and Bailey.

You collected 544 gold pieces.

Inventory:

Hand Weapons
 a - a +0 dagger of venom
 b - a +0 hand crossbow
 w - a +0 war axe
 M - a +0 battleaxe (weapon)
Missiles
 j - 18 tomahawks
 K - 3 javelins (quivered)
 L - 26 bolts
 P - 49 stones
Armour
 i - a scarf of repulsion
 l - a +1 cloak (worn)
 v - a +0 pair of gloves (worn)
 y - a +2 leather armour of fire resistance (worn)
 F - a +1 robe of resistance
 R - a +0 helmet (worn)
 V - a +0 pair of boots (worn)
Jewellery
 f - an uncursed ring of fire
 m - a +3 ring of dexterity (left hand)
 n - an uncursed ring of magical power
 r - a ring of stealth (right hand)
 E - an uncursed ring of ice
Wands
 N - a wand of scattershot (4)
 T - a wand of paralysis (1)
Scrolls
 o - 5 scrolls of amnesia {unknown}
 p - 5 scrolls of teleportation
 q - 3 scrolls of fear {unknown}
 A - 2 scrolls of blinking
 D - a scroll of immolation {unknown}
 G - 4 scrolls of enchant weapon {unknown}
 I - 3 scrolls of remove curse
 J - a scroll of fog {unknown}
 S - 4 scrolls of identify
Potions
 c - 8 potions of curing
 e - a potion of agility
 g - 2 potions of magic
 h - 6 potions of heal wounds
 k - a potion of flight
 s - 2 potions of cancellation
 t - 2 potions of degeneration
 u - 2 potions of berserk rage {unknown}
 x - a potion of invisibility
 z - 3 potions of haste
 C - 7 potions of lignification
 H - a potion of might
Comestibles
 d - 9 rations
 B - 41 chunks of flesh


   Skills:
 + Level 7.9(7.8) Fighting
 - Level 4.0(3.9) Axes
 + Level 10.0 Armour
 - Level 4.0(3.9) Dodging
 - Level 4.0(3.9) Stealth
 - Level 2.0(1.9) Spellcasting
   Level 0.8 Transmutations
 - Level 5.1(5.0) Earth Magic
 - Level 10.0(9.9) Invocations


You had 7 spell levels left.
You knew the following spells:

 Your Spells              Type           Power        Failure   Level  Hunger
a - Sandblast             Erth           ###...       3%          1    #......
b - Lee's Rapid Deconstr  Erth           ###.......   65%         5    ######.

Your spell library contained the following spells:

 Spells                   Type           Power        Failure   Level  Hunger
 Passwall                 Tmut/Erth      ##......     11%         2    ###....
 Stone Arrow              Conj/Erth      #.....       26%         3    ###....
 Petrify                  Tmut/Erth      ##......     58%         4    #####..


Dungeon Overview and Level Annotations

Branches:
Dungeon (9/15)             Temple (0/1) D:6            Lair (0/6) D:9
    Orc: D:9-12

Altars:
Dithmenos
Fedhas
Gozag
Hepliaklqana
Makhleb
Sif Muna
Wu Jian
Yredelemnul
Lugonu

Shops:
D:8 *   D:9 =

Annotations:
D:7 1 transporter


Innate Abilities, Weirdness & Mutations

You are resistant to damage.
You can heal yourself by infusing magical energy.
You passively map the area around you.
You do not regenerate.


Message History

* * * LOW HITPOINT WARNING * * *
You feel much better.
The orc is engulfed in poison gas.
The orc looks even sicker.
You kill the orc!
Makhleb accepts your kill.
You feel better.
The orc is engulfed in poison gas.
The orc is poisoned.
The orc is engulfed in poison gas.
The orc is poisoned.
You kill the orc!
Makhleb accepts your kill.
You feel better.
The orc knight is engulfed in poison gas.
The orc knight looks as sick as possible!
The orc knight hits you from afar with a +0 glaive!
* * * LOW HITPOINT WARNING * * *
The orc warrior is engulfed in poison gas.
The orc warrior looks as sick as possible!
The orc warrior hits you from afar with a +0 glaive!
* * * LOW HITPOINT WARNING * * *
The orc warrior hits you with a +0 trident!!
You die...

* * * ####### ####### ,
.###.....#########.....# ,,
,,
,..'..oo@..#.....#..)))). ,
, .o'..§§§..'.....'...).).
, ,
..'..§ooo.'.....'..)).). ,,
..'..§☼§..'.....'...).). ,
,..'..§....#.....#.......
,,,.###.....#########.....#
** ** ####### #######


You could see 2 orc knights, 3 orc warriors and an orc.

Vanquished Creatures
  Harold (D:8)
  Erica (D:8)
  A two-headed ogre (D:9)
  Grinder (D:5)
  Prince Ribbit (D:6)
  A hippogriff (D:8)
  Sigmund (D:6)
  A spriggan (D:7)
  Grum (D:8)
  A phantom (D:6)
  An ice beast (D:7)
  A necrophage (D:8)
  6 orc warriors
  3 sky beasts
  2 wolves (D:8)
  2 ogres
  A centaur (D:5)
  A crocodile (D:7)
  A big kobold (Sewer)
  2 bullfrogs
  3 scorpions
  A water moccasin skeleton (D:6)
  3 wights (D:9)
  A howler monkey (D:6)
  An electric eel (D:8)
  A crimson imp (D:6)
  2 hounds
  A jelly (D:5)
  4 orc priests
  4 iguanas
  10 orc wizards
  6 worker ants
  A hound zombie (D:6)
  A worker ant zombie (D:8)
  4 gnolls (D:4)
  15 adders
  3 river rats (Sewer)
  3 shadow imps
  3 oozes
  3 adder skeletons
  5 worms
  4 leopard geckos
  46 orcs
  7 ball pythons
  10 bats
  8 giant cockroaches
  8 goblins
  12 hobgoblins
  10 jackals
  13 kobolds
  2 quokkas
  5 frilled lizards
  A leopard gecko skeleton (D:4)
  2 leopard gecko zombies
  8 rats
241 creatures vanquished.

Vanquished Creatures (collateral kills)
  5 killer bees (D:7)
  A bullfrog zombie (D:7)
6 creatures vanquished.

Grand Total: 247 creatures vanquished

Notes
Turn   | Place    | Note
-------+----------+-------------------------------------------
     0 | D:1      | zishaf the Deep Dwarf Earth Elementalist began the quest
                  | for the Orb.
     0 | D:1      | Reached XP level 1. HP: 15/15 MP: 3/3
   341 | D:1      | Reached XP level 2. HP: 22/22 MP: 2/4
   479 | D:1      | Reached skill level 1 in Armour
   989 | D:1      | Reached XP level 3. HP: 28/28 MP: 2/5
  1528 | D:2      | Found a burning altar of Makhleb.
  1531 | D:2      | Found a basalt altar of Yredelemnul.
  1535 | D:2      | Became a worshipper of Makhleb the Destroyer
  1541 | D:2      | Found a shadowy altar of Dithmenos.
  1934 | D:2      | Reached XP level 4. HP: 24/36 MP: 6/6
  2326 | D:3      | Reached * piety under Makhleb
  2379 | D:3      | Reached skill level 1 in Invocations
  2899 | D:3      | Found an ornate altar of the Wu Jian Council.
  2901 | D:3      | Found a hazy altar of Hepliaklqana.
  3293 | D:4      | Reached skill level 5 in Earth Magic
  3293 | D:4      | Reached XP level 5. HP: 42/42 MP: 1/7
  3496 | D:4      | HP: 2/42 [something/puff of flame (2)]
  3741 | D:4      | Reached XP level 6. HP: 44/49 MP: 8/8
  3863 | D:4      | Reached ** piety under Makhleb
  3983 | D:4      | Found a deep blue altar of Sif Muna.
  4086 | D:4      | Reached skill level 1 in Fighting
  4086 | D:4      | Reached skill level 1 in Axes
  4425 | D:4      | HP: 2/51 [orc priest/nerve-wracking pain (12)]
  4714 | D:5      | Entered Level 5 of the Dungeon
  4754 | D:5      | Reached XP level 7. HP: 49/57 MP: 9/9
  5200 | D:5      | Noticed Grinder
  5215 | D:5      | Killed Grinder
  5215 | D:5      | Reached skill level 5 in Invocations
  5347 | D:6      | Found a glowing drain.
  5383 | Sewer    | Entered a sewer
  5708 | Sewer    | Reached *** piety under Makhleb
  5708 | Sewer    | Reached XP level 8. HP: 61/68 MP: 8/11
  5851 | D:6      | Reached skill level 5 in Armour
  5861 | D:6      | Found an opulent altar of Gozag.
  5878 | D:6      | Noticed Prince Ribbit
  5887 | D:6      | Killed Prince Ribbit
  6147 | D:6      | Found a staircase to the Ecumenical Temple.
  6255 | D:6      | Noticed Sigmund
  6279 | D:6      | Killed Sigmund
  6279 | D:6      | Gained mutation: You passively map the area around you.
                  | [Deep Dwarf growth]
  6279 | D:6      | Reached XP level 9. HP: 49/79 MP: 13/13
  6568 | D:6      | Learned a level 5 spell: Lee's Rapid Deconstruction
  6669 | D:6      | Found a blossoming altar of Fedhas.
  6950 | D:7      | Reached skill level 5 in Fighting
  7160 | D:7      | Found a transporter.
  7382 | D:7      | Found a corrupted altar of Lugonu.
  7382 | D:7      | Noticed a green ugly thing
  7769 | D:8      | Noticed Erica
  7860 | D:7      | Noticed a brown ugly thing
  7861 | D:7      | Noticed a green ugly thing
  8032 | D:8      | Found Atirph's General Store.
  8049 | D:8      | Reached **** piety under Makhleb
  8126 | D:8      | Paralysed by Erica for 2 turns
  8144 | D:8      | Killed Erica
  8272 | D:8      | Reached XP level 10. HP: 56/92 MP: 13/16
  8383 | D:8      | Noticed Grum
  8458 | D:8      | Killed Grum
  8458 | D:8      | Reached skill level 10 in Invocations
  8580 | D:8      | Noticed Harold
  8615 | D:8      | Killed Harold
  9046 | D:9      | Noticed a two-headed ogre
  9055 | D:9      | Killed a two-headed ogre
  9103 | D:9      | Found a staircase to the Lair.
  9134 | D:9      | Found Usewkon's Jewellery Shoppe.
  9163 | D:9      | Found a flagged portal.
  9379 | Bailey   | Entered a bailey
  9488 | Bailey   | Reached skill level 10 in Armour
  9551 | Bailey   | Noticed an orc knight
  9554 | Bailey   | Reached ***** piety under Makhleb
  9557 | Bailey   | Noticed an orc knight
  9558 | Bailey   | Demolished by an orc warrior

Vault maps used:
D:1:      sevenhm_arrival_forest_fort_large_2, serial_forest,
          infiniplex_forest_clump_C, infiniplex_forest_clump_double,
          infiniplex_forest_clump_C, infiniplex_forest_straight_1,
          infiniplex_forest_lined_corner, infiniplex_forest_clump_medium,
          infiniplex_forest_end_1
D:2:      grunt_temple_overflow_diamond, serial_forest,
          infiniplex_forest_corner_1, infiniplex_forest_clump_cross,
          infiniplex_forest_clump_diagonal, infiniplex_forest_end_2,
          infiniplex_forest_lined_4_way, infiniplex_forest_side_room,
          infiniplex_forest_lined_ring, infiniplex_forest_clump_double,
          infiniplex_forest_corner_1, minmay_puff
D:3:      nicolae_overflow_hidden_temple
D:4:      nicolae_overflow_crystal_walls, first_ration
D:5:      uniq_grinder
D:6:      minmay_evil_eye, marbit_many_paths, fedhas_altar_4,
          minmay_temple_entry_junction, portal_sewer_entry_a,
          uniq_prince_ribbit1, uniq_sigmund
D:7:      gammafunk_corrupted_shrine, the_bakery
D:8:      serial_shops, shop, chequers_serial_rivers_room_a, minivault_19,
          serial_bayou_pond_b, patterned_corridor, uniq_grum, uniq_erica,
          uniq_harold
D:9:      lair_entry_dummy, enter_bailey_2, serial_shops,
          nicolae_shop_temple_entry_statues_fountains, grunt_qazlal_clouds
Sewer:    sewer_co_15_rooms
Bailey:   bailey_polearm_5, bailey

Skill      XL: |  1  2  3  4  5  6  7  8  9 10 |
---------------+-------------------------------+-----
Armour         | 1 2 3 4 6 8 10 | 10.0
Stealth        | 3 4 |  4.0
Dodging        | 3 4 |  4.0
Invocations    | 1 3 4 5 7 9 10 | 10.0
Earth Magic    | 5 |  5.1
Fighting       | 1 2 4 6 7 |  7.9
Axes           | 1 3 4 |  4.0
Spellcasting   | 2 |  2.0
Transmutations | |  0.8

Action                   |  1- 3 |  4- 6 |  7- 9 | 10-12 || total
-------------------------+-------+-------+-------+-------++-------
Melee: Dagger            |   132 |   130 |   205 |    50 ||   517
       War axe           |       |       |    83 |     8 ||    91
       Battleaxe         |       |       |       |    35 ||    35
 Fire: Hunting sling     |       |    13 |       |     4 ||    17
       Hand crossbow     |       |       |       |     6 ||     6
Throw: Javelin           |       |       |     7 |       ||     7
       Tomahawk          |       |       |    19 |       ||    19
 Cast: Sandblast         |    38 |    21 |    82 |    32 ||   173
Invok: Lesser Servant of |       |       |     1 |     1 ||     2
 Abil: Heal Wounds       |       |     5 |     6 |     7 ||    18
Evoke: Wand              |       |       |       |     3 ||     3
  Use: Scroll            |       |     4 |    13 |     1 ||    18
 Stab: Sleeping          |     5 |     9 |    10 |     1 ||    25
       Distracted        |       |       |     1 |       ||     1
       Confused          |       |       |       |     1 ||     1
  Eat: Chunk             |     4 |     8 |    12 |     4 ||    28
       Ration            |       |     1 |       |       ||     1
Armor: Robe              |    15 |     4 |       |       ||    19
       Chain mail        |       |    61 |       |       ||    61
       Leather armour    |       |     9 |   170 |    76 ||   255
Dodge: Dodged            |    54 |    67 |   279 |   178 ||   578
       Deflected         |     1 |       |       |       ||     1

Table legend:
 A = Non-vault XP
 B = Vault XP
 C = Vault XP percentage of total XP
 D = Non-vault monster count
 E = Vault monster count
 F = Vault count percentage of total count
                 A         B        C        D         E       F
            +---------+---------+-------+---------+---------+-------
      Total |    4595 |    4105 |  47.2 |     176 |      71 |  28.7
            +---------+---------+-------+---------+---------+-------
        D:1 |      47 |       0 |   0.0 |      28 |       0 |   0.0
        D:2 |      49 |       9 |  15.5 |      15 |       5 |  25.0
        D:3 |     103 |       0 |   0.0 |      23 |       0 |   0.0
        D:4 |     510 |       0 |   0.0 |      26 |       0 |   0.0
        D:5 |     235 |     290 |  55.2 |      14 |       1 |   6.7
        D:6 |     880 |     592 |  40.2 |      20 |      10 |  33.3
        D:7 |     648 |     220 |  25.3 |      14 |       1 |   6.7
        D:8 |    1323 |    2400 |  64.5 |      28 |       7 |  20.0
        D:9 |     800 |       0 |   0.0 |       8 |       0 |   0.0
      Sewer |       0 |     202 | 100.0 |       0 |      16 | 100.0
     Bailey |       0 |     392 | 100.0 |       0 |      31 | 100.0
            +---------+---------+-------+---------+---------+-------
